AoeStats
← Pillage The Village

MegaRandom

504328325Analyzed
1v1 RM · 27d ago on Sep 4, 2026· 49m 20s· 2 players
Game mode
Random Map
Map size
Tiny (2 player)
Population
200
Speed
Normal
Resources
Standard
Victory
Conquest
Starting age
Dark Age
Ending age
Imperial Age
RankedLock teamsTeams togetherTeam positionsShared explorationLock speedFull tech treeHidden civsTurbo modeCheats
Victory
Defeat
🇷🇴 Bohemians · Romania
1470
+15
🇧🇪 Mongols · Belgium
1453
-15
Pillage The Village
0:32 Loom
8:14 Feudal Age
8:54 Double-Bit Axe
19:57 Castle Age
19:55 Fletching
20:05 Padded Archer Armor
36:27 Bow Saw
40:28 Light Cavalry
42:52 Forging
43:14 Husbandry
Pantera
0:27 Loom
8:58 Feudal Age
13:01 Castle Age
12:21 Double-Bit Axe
12:55 Horse Collar
25:27 Fervor
28:52 Sanctity
30:50 Redemption
35:27 Town Watch
37:15 Wheelbarrow
42:33 Wagenburg Tactics
42:12 Pikeman
42:52 Squires
44:08 Herbal Medicine
48:11 Imperial Age
45:46 Fletching
Connection lost

Rejoining the realm…

Still unreachable

The connection could not be restored.

Session expired

The server has moved on; the page needs a fresh start.